 Dungeon Crawl Stone Soup version 0.21.1-1-g345015f (webtiles) character file.

1249 LairdRich the Cleaver (level 8, 0/71 HPs)
             Began as a Minotaur Berserker on June 10, 2018.
             Was a Priest of Trog.
             Shot with an arrow by a centaur (1 damage)
             ... on level 5 of the Dungeon.
             The game lasted 00:17:37 (4191 turns).

LairdRich the Cleaver (Minotaur Berserker)          Turns: 4191, Time: 00:17:38

Health: 0/71       AC:  7    Str: 22    XL:     8   Next: 26%
Magic:  7/7        EV: 12    Int:  4    God:    Trog [***...]
Gold:   296        SH:  0    Dex: 12    Spells: 7/7 levels left

rFire    . . .     SeeInvis .   a - +1 hand axe
rCold    . . .     Gourm    .   (no shield)
rNeg     . . .     Faith    .   m - +0 scale mail
rPois    +         Spirit   .   (helmet restricted)
rElec    .         Reflect  .   (no cloak)
rCorr    .         Harm     .   (no gloves)
MR       .....                  (no boots)
Stlth    ..........             (no amulet)
HPRegen  0.21/turn              j - ring of poison resistance
MPRegen  0.10/turn              (no ring)

@: no status effects
A: retaliatory headbutt, horns 2
a: Berserk, Trog's Hand, Burn Spellbooks, Renounce Religion


You were on level 5 of the Dungeon.
You worshipped Trog.
Trog was most pleased with you.
You were hungry.

You visited 2 branches of the dungeon, and saw 6 of its levels.

You collected 296 gold pieces.

Inventory:

Hand Weapons
 a - a +1 hand axe (weapon)
Missiles
 n - 4 silver tomahawks (quivered)
 r - a throwing net
 s - 2 tomahawks
Armour
 m - a +0 scale mail (worn)
 p - a +0 helmet
Jewellery
 j - a ring of poison resistance (left hand)
Wands
 l - a wand of flame (24)
Scrolls
 b - a scroll of blinking
 e - 3 scrolls of identify
 i - 3 scrolls of teleportation
 o - 2 scrolls of remove curse
Potions
 g - 3 potions of brilliance {unknown}
 h - 2 potions of haste {unknown}
 k - a potion of agility {unknown}
 q - 2 potions of curing {unknown}
Comestibles
 c - 7 rations
 d - 5 chunks of flesh


   Skills:
 + Level 6.5 Fighting
 * Level 8.1 Axes
 + Level 6.0 Armour
 + Level 5.4 Dodging


You had 7 spell levels left.
You didn't know any spells.

Dungeon Overview and Level Annotations

Branches:
Dungeon (5/15)             Temple (1/1) D:4

Altars:
Ashenzari
Cheibriados
Elyvilon
Fedhas
Kikubaaqudgha
Makhleb
Nemelex Xobeh
Okawaru
Qazlal
Ru
Sif Muna
Trog
Vehumet
Wu Jian
Xom
Yredelemnul
The Shining One

Annotations:
D:5 Dowan


Innate Abilities, Weirdness & Mutations

You reflexively headbutt those who attack you in melee.
You have a pair of horns on your head.


Message History

You see here 2 arrows.
You hit the adder.
The adder is lightly wounded.
The adder completely misses you.
The centaur shoots an arrow.
The arrow misses you.
You hit the adder.
The adder is moderately wounded.
The adder closely misses you.
The centaur shoots an arrow.
The arrow hits you.
* * * LOW HITPOINT WARNING * * *
The adder bites you.
* * * LOW HITPOINT WARNING * * *
You closely miss the adder.
The adder is moderately wounded.
The centaur shoots an arrow.
The arrow hits you!
* * * LOW HITPOINT WARNING * * *
The adder bites you but does no damage.
You hit the adder. Your headbutt misses the adder.
The adder is heavily wounded.
The centaur shoots an arrow.
The arrow hits you.
You die...

.##.........#
......#####.#
#.# .##.#.# #.#
#.# .##.#.###
#.# #.#
..[.....# #.#
#.# ###.#.#.#
#.# #.#
##.#.#.# #.#
#.#
##......###.#
#S#
............#
#@#
#......######
#.# #.#..###
#######(#####.#
#.#..#
#..(((c.......#
#.#..#
#.#..##........
#.#..#
##.##.####..##
.....# ##(##..
... #.##.#
#.c(#.## #..#
#.##.#####
#.#(#.####..#


You could see a centaur and an adder.

Vanquished Creatures
  The ghost of nulman the Caller, an amateur TeSu of Vehumet (D:5)
  The ghost of Alelolelolen the Skirmisher, an amateur NaBe of Trog (D:3)
  A sky beast (D:5)
  3 ogres
  A scorpion (D:4)
  2 howler monkeys (D:4)
  A hound (D:5)
  4 orc priests
  4 orc wizards
  An iguana (D:4)
  A worker ant (D:5)
  5 adders
  A shadow imp (D:5)
  An adder skeleton (D:5)
  2 worms (D:4)
  2 leopard geckos
  21 orcs
  2 ball pythons (D:3)
  8 bats
  4 giant cockroaches
  6 goblins
  8 hobgoblins
  3 quokkas
  6 frilled lizards
  4 kobolds
  22 rats
115 creatures vanquished.

Notes
Turn   | Place    | Note
-------+----------+-------------------------------------------
     0 | D:1      | LairdRich the Minotaur Berserker began the quest for the Orb.
     0 | D:1      | Reached XP level 1. HP: 19/19 MP: 0/0
    81 | D:1      | Reached XP level 2. HP: 25/27 MP: 1/1
   479 | D:1      | Reached skill level 4 in Axes
   519 | D:1      | Reached ** piety under Trog
   618 | D:1      | Reached XP level 3. HP: 33/33 MP: 2/2
  1019 | D:2      | Found a white marble altar of Elyvilon.
  1088 | D:2      | Found a burning altar of Makhleb.
  1231 | D:2      | Found a blossoming altar of Fedhas.
  1231 | D:2      | Found a bloodstained altar of Trog.
  1533 | D:3      | Reached XP level 4. HP: 36/40 MP: 3/3
  1737 | D:3      | Reached XP level 5. HP: 47/47 MP: 4/4
  1974 | D:3      | Found a radiant altar of Vehumet.
  2126 | D:3      | Noticed Alelolelolen's ghost (amateur NaBe)
  2143 | D:3      | Killed Alelolelolen's ghost
  2143 | D:3      | Reached skill level 5 in Fighting
  2143 | D:3      | Reached skill level 5 in Axes
  2143 | D:3      | Reached XP level 6. HP: 56/56 MP: 5/5
  2203 | D:3      | Found a basalt altar of Yredelemnul.
  2629 | D:4      | Found a staircase to the Ecumenical Temple.
  2640 | Temple   | Entered the Ecumenical Temple
  2825 | D:4      | Reached *** piety under Trog
  2926 | D:4      | Reached skill level 6 in Axes
  3112 | D:4      | Reached XP level 7. HP: 61/61 MP: 6/6
  3174 | D:4      | Reached skill level 5 in Armour
  3496 | D:4      | Reached skill level 7 in Axes
  3703 | D:5      | Entered Level 5 of the Dungeon
  3884 | D:5      | Noticed nulman's ghost (amateur TeSu)
  3890 | D:5      | Reached skill level 5 in Dodging
  3898 | D:5      | Killed nulman's ghost
  3898 | D:5      | Reached XP level 8. HP: 71/71 MP: 7/7
  3967 | D:5      | Reached skill level 8 in Axes
  4135 | D:5      | Found a glowing golden altar of the Shining One.
  4165 | D:5      | Noticed Dowan
  4190 | D:5      | HP: 1/71 [centaur/arrow (10)]
  4191 | D:5      | Shot with an arrow by a centaur

Skill      XL: |  1  2  3  4  5  6  7  8 |
---------------+-------------------------+-----
Fighting       | 4 5 6 |  6.5
Axes           | 4 5 6 7 8 |  8.1
Armour         | 3 4 5 6 |  6.0
Dodging        | 3 4 5 |  5.4

Action                   |  1- 3 |  4- 6 |  7- 9 || total
-------------------------+-------+-------+-------++-------
Melee: Hand axe          |    73 |   100 |    97 ||   270
       Headbutt          |     9 |    16 |    15 ||    40
Invok: Berserk           |       |     3 |     3 ||     6
  Use: Scroll            |       |     5 |     1 ||     6
  Eat: Chunk             |     2 |     7 |     3 ||    12
       Ration            |       |       |     1 ||     1
Armor: Animal skin       |     3 |       |       ||     3
       Ring mail         |    20 |    27 |       ||    47
       Scale mail        |       |     4 |    30 ||    34
Dodge: Dodged            |    56 |    55 |    39 ||   150
